 Dungeon Crawl Stone Soup version 0.25-a0-443-gece2dee (webtiles) character file.

Game seed: 18003794441069159202, levelgen mode: deterministic

39 Auros the Chopper (level 3, -2/33 HPs)
             Began as a Hill Orc Monk on Jan 30, 2020.
             Slain by a worm (4 damage)
             ... on level 2 of the Dungeon.
             The game lasted 00:03:05 (930 turns).

Auros the Chopper (Hill Orc Monk)                    Turns: 930, Time: 00:03:05

Health: -2/33      AC:  5    Str: 14    XL:     3   Next: 47%
Magic:  3/3        EV: 11    Int: 10    God:
Gold:   34         SH:  0    Dex: 13    Spells: 2/2 levels left

rFire    . . .     SeeInvis .   a - +0 hand axe
rCold    . . .     Gourm    .   (no shield)
rNeg     . . .     Faith    .   c - +0 ring mail
rPois    .         Spirit   .   (no helmet)
rElec    .         Reflect  .   (no cloak)
rCorr    .         Harm     .   (no gloves)
MR       .....                  (no boots)
Stlth    +.........             (no amulet)
HPRegen  0.11/turn              (no ring)
MPRegen  0.08/turn              (no ring)

@: no status effects
A: no striking features
a: no special abilities


You were on level 2 of the Dungeon.
You were not hungry.

You visited 1 branch of the dungeon, and saw 3 of its levels.

You collected 34 gold pieces.

Inventory:

Hand Weapons
 a - a +0 hand axe (weapon)
Missiles
 e - 28 arrows
 Z - 6 stones (quivered)
Armour
 b - a +0 robe
 c - a +0 ring mail (worn)
Jewellery
 f - an uncursed amulet of harm {unknown}
Scrolls
 g - a scroll of identify {unknown}
Potions
 d - a potion of lignification {unknown}
Comestibles
 z - a ration


   Skills:
 - Level 4.0 Fighting
 + Level 4.8 Axes
 - Level 2.7 Dodging
 - Level 2.1 Stealth


You had 2 spell levels left.
You didn't know any spells.
Your spell library was empty.

Dungeon Overview and Level Annotations

Branches:
Dungeon (3/15)

Altars:

Annotations:
D:3 Jessica


Message History

You hit the worm but do no damage.
The worm is severely wounded.
You hit the worm but do no damage.
The worm is severely wounded.
The worm bites you but does no damage.
You hit the worm but do no damage.
The worm is heavily wounded.
You hit the worm.
The worm is heavily wounded.
The worm bites you but does no damage.
You hit the worm but do no damage.
The worm is lightly wounded.
You hit the worm.
The worm is heavily wounded.
The worm bites you.
* * * LOW HITPOINT WARNING * * *
You hit the worm.
The worm is severely wounded.
The worm bites you.
You die...

#.# #.##.##.####....#.###.# .
#.#####.##.##.......#.#..... ..
...........##....รท..#..... .....
.....##.##.##.......#.#.###........
#..................................
.....##.##..#.#####...............
...))##.##..#.# #..##.###.....##
...)..........#####...............
.....##.........w@.............#
............###########.#......#
..#.#######.# #.........# #.#.# #.#
#..##.....# #.#.#######.######
#..##.....# #................
...........#
#...........##.#######..##.....####
###................ ..............
###.#######.##.#######..##.#..#..[#


You could see a worm.

Vanquished Creatures
  2 adders (D:2)
  An ooze (D:2)
  A dart slug (D:1)
  A leopard gecko (D:2)
  4 goblins
  3 hobgoblins
  A frilled lizard (D:2)
  A kobold (D:1)
  A rat (D:3)
15 creatures vanquished.

Notes
Turn   | Place    | Note
-------+----------+-------------------------------------------
     0 | D:1      | Auros the Hill Orc Monk began the quest for the Orb.
     0 | D:1      | Reached XP level 1. HP: 19/19 MP: 1/1
   242 | D:1      | Reached XP level 2. HP: 27/27 MP: 2/2
   489 | D:2      | Reached XP level 3. HP: 33/33 MP: 3/3
   613 | D:3      | Noticed Jessica
   637 | D:2      | HP: 1/33 [poisoned by an adder]
   930 | D:2      | Slain by a worm

Levels and vault maps discovered:
D:1:      dpeg_arrival_short_road, layout_rooms, minmay_misc_feat_nine_boxes,
          st_stairs_2
D:2:      layout_basic, st_stairs_6, minmay_misc_feat_enclosed, uniq_robin
D:3:      minmay_skewed_foursquare, layout_rooms, lemuel_doored_altar,
          grunt_qazlal_sundering, kennysheep_generic_room_15,
          uniq_crazy_yiuf_cottage, uniq_jessica

Skill      XL: |  1  2 |
---------------+-------+-----
Fighting       | 4 |  4.0
Stealth        | 2 |  2.1
Axes           | |  4.8
Dodging        | |  2.7

Action                   || total
-------------------------++-------
Melee: Hand axe          ||    67
Throw: Stone             ||    24
  Use: Potion            ||     1
 Stab: Sleeping          ||     1
Armor: Robe              ||     4
       Ring mail         ||     2
Dodge: Dodged            ||    37

Table legend:
 A = Non-vault XP
 B = Vault XP
 C = Vault XP percentage of total XP
 D = Non-vault monster count
 E = Vault monster count
 F = Vault count percentage of total count
                 A         B        C        D         E       F
            +---------+---------+-------+---------+---------+-------
      Total |      53 |       4 |   7.0 |      13 |       2 |  13.3
            +---------+---------+-------+---------+---------+-------
        D:1 |      11 |       0 |   0.0 |       5 |       0 |   0.0
        D:2 |      41 |       4 |   8.9 |       7 |       2 |  22.2
        D:3 |       1 |       0 |   0.0 |       1 |       0 |   0.0
            +---------+---------+-------+---------+---------+-------
